AoeStats
← Bandolero

Arena

510179227Analyzed
4v4 RM · 15h ago on Sep 29, 2026· 40m 54s· 8 players
Game mode
Random Map
Map size
Large (8 player)
Population
200
Speed
Normal
Resources
Standard
Victory
Conquest
Starting age
Dark Age
Ending age
Imperial Age
RankedLock teamsTeams togetherTeam positionsShared explorationLock speedFull tech treeHidden civsTurbo modeCheats
Victory
Defeat
🇬🇪 Britons · Georgia
1656
+16
🇨🇳 Spanish · China
1628
+17
🇨🇳 Cumans · China
1625
+17
🇸🇻 Vietnamese · El Salvador
1614
+17
🇫🇷 Poles · France
1705
-19
🇩🇪 Koreans · Germany
1670
-18
🇦🇷 Italians · Argentina
1636
-16
🇩🇪 Franks · Germany
1574
-14
RohanAoE
10:52 Feudal Age
12:56 Double-Bit Axe
15:14 Castle Age
13:29 Horse Collar
14:58 Fletching
17:45 Wheelbarrow
18:23 Bodkin Arrow
20:42 Hand Cart
21:17 Ballistics
23:54 Padded Archer Armor
24:56 Bow Saw
29:31 Imperial Age
29:07 Gold Mining
29:08 Stone Mining
29:55 Leather Archer Armor
29:32 Stone Mining
31:14 Bracer
32:41 Chemistry
31:39 Loom
34:12 Stone Shaft Mining
34:45 Elite Rattan Archer
36:35 Ring Archer Armor
37:26 Thumb Ring
39:03 Paper Money
hzos6240
8:06 Feudal Age
9:08 Double-Bit Axe
11:57 Horse Collar
14:12 Wheelbarrow
16:39 Gold Mining
19:40 Castle Age
20:00 Scale Barding Armor
20:05 Forging
20:55 Bloodlines
24:35 Imperial Age
23:12 Iron Casting
26:15 Chain Barding Armor
25:40 Capped Ram
27:07 Elite Steppe Lancer
32:21 Blast Furnace
32:58 Siege Ram
35:44 Plate Barding Armor
38:55 Hand Cart
38:26 Loom
38:26 Town Watch
38:43 Heavy Plow
38:54 Bow Saw
[TMG] purple
10:48 Feudal Age
12:10 Horse Collar
12:17 Double-Bit Axe
15:04 Castle Age
15:57 Loom
16:25 Bow Saw
16:07 Stone Mining
19:41 Fletching
Bz_青红
10:01 Feudal Age
13:39 Castle Age
12:04 Double-Bit Axe
12:09 Horse Collar
14:41 Bow Saw
20:51 Loom
23:17 Fervor
26:35 Wheelbarrow
29:09 Atonement
29:32 Sanctity
29:16 Devotion
31:12 Redemption
34:47 Imperial Age
33:25 Padded Archer Armor
33:37 Bloodlines
34:34 Leather Archer Armor
35:58 Conscription
35:14 Elite Conquistador
36:34 Ring Archer Armor
39:50 Chemistry
39:27 Supremacy
38:42 Sappers
39:41 Fletching
40:03 Forging
39:54 Scale Mail Armor
40:00 Scale Barding Armor
41:17 Bombard Tower
OGN
10:52 Feudal Age
14:25 Castle Age
14:26 Double-Bit Axe
14:25 Horse Collar
14:48 Loom
18:44 Szlachta Privileges
20:20 Bloodlines
20:37 Bow Saw
23:18 Scale Barding Armor
26:29 Wheelbarrow
26:51 Light Cavalry
27:41 Scale Mail Armor
27:51 Forging
30:48 Heavy Plow
34:40 Imperial Age
32:26 Husbandry
35:14 Chain Barding Armor
34:50 Cavalier
LM \ Molle
10:57 Feudal Age
12:09 Double-Bit Axe
14:28 Castle Age
12:31 Horse Collar
15:19 Bow Saw
15:13 Heavy Plow
19:38 Fletching
21:12 Bodkin Arrow
22:29 Gold Mining
26:08 Wheelbarrow
25:57 Loom
30:39 Loom
31:16 Fortified Wall
31:11 Treadmill Crane
31:37 Town Watch
35:55 Imperial Age
34:28 Masonry
35:14 Hand Cart
36:38 Bracer
37:39 Chemistry
36:50 Elite War Wagon
Bandolero
11:20 Feudal Age
13:10 Double-Bit Axe
15:37 Castle Age
14:05 Loom
17:28 Bow Saw
19:38 Wheelbarrow
20:26 Horse Collar
22:13 Town Watch
24:30 Fletching
25:29 Gold Mining
25:29 Stone Mining
28:13 Bodkin Arrow
28:18 Padded Archer Armor
Kümmelbrot OP
10:27 Feudal Age
10:40 Loom
14:03 Castle Age
12:43 Double-Bit Axe
14:53 Town Watch
16:49 Fletching
22:56 Bodkin Arrow
31:23 Wheelbarrow
31:58 Bow Saw
35:12 Imperial Age
33:24 Bow Saw
33:27 Gold Mining
33:55 Padded Archer Armor
34:34 Hand Cart
35:35 Leather Archer Armor
34:49 Elite Skirmisher
36:51 Ballistics
37:32 Chemistry
37:11 Conscription
39:18 Gold Shaft Mining
Connection lost

Rejoining the realm…

Still unreachable

The connection could not be restored.

Session expired

The server has moved on; the page needs a fresh start.